Map: Simulacrum LE

Players

Chappy - Winner!

  • Race: Zerg Zerg
  • League: Grandmaster
  • Spawn Location: 5:00

Neuro

  • Race: Zerg Zerg
  • League: Grandmaster
  • Spawn Location: 11:00

VOD

Have the link to the VOD?

Description

Roach/Rav/Muta

Time

  • Played on: Feb. 25, 2020, 7:37 p.m.
  • Length: 11:08
Show
View Real Time Build Order
Export as new Build Order

Chappy Zerg - Winner!

Build Orders: Hatch First 

Get SALT Encoding   

  12  0:00  Drone  
  13  0:12  Overlord  
  13  0:17  Drone  
  14  0:30  Drone  
  14  0:31  Drone  
  16  0:49  Hatchery  
  15  0:52  Drone  
  15  0:55  Drone  
  17  0:59  Drone  
  18  1:09  Extractor  
  17  1:14  Spawning Pool  
  17  1:17  Drone  
  17  1:20  Drone  
  18  1:29  Drone  
  19  1:45  Drone  
  20  1:53  Overlord  
  20  2:00  Queen  
  20  2:01  Queen  
  24  2:05  Drone, Zergling x2  
  26  2:10  Metabolic Boost  
  26  2:11  Drone  
  26  2:13  Drone  
  28  2:21  Drone  
  29  2:23  Drone  
  30  2:33  Zergling x4  
  32  2:41  Hatchery  
  31  2:45  Drone  
  31  2:46  Drone  
  33  2:54  Baneling Nest  
  33  2:57  Overlord  
  32  2:58  Drone  
  33  3:06  Drone x2  
  35  3:13  Zergling x2  
  35  3:16  Zergling x4  
  35  3:17  Zergling x6  
  41  3:24  Overlord  
  41  3:25  Drone  
  42  3:33  Drone  
  42  3:38  Baneling x2, Evolution Chamber  
  41  3:43  Drone x3, Zergling x2  
  41  3:44  Drone  
  41  3:48  Drone x3  
  49  3:58  Drone x2  
  49  4:01  Extractor  
  49  4:02  Extractor  
  48  4:08  Overlord  
  48  4:10  Drone  
  48  4:11  Drone x2, Zerg Missile Weapons Level 1  
  48  4:14  Drone x3  
  48  4:16  Zergling x2  
  55  4:22  Overlord  
  55  4:23  Zergling x4  
  55  4:33  Zergling x8  
  55  4:37  Baneling x2  
  57  4:43  Drone x3  
  57  4:44  Queen  
  61  4:50  Drone x2  
  61  4:51  Drone  
  63  4:53  Lair  
  61  5:00  Roach Warren  
  61  5:01  Baneling x2  
  61  5:04  Drone x3  
  63  5:07  Drone x2  
  63  5:08  Drone  
  63  5:11  Zergling x4  
  65  5:19  Drone  
  65  5:20  Drone x2  
  65  5:24  Queen  
  65  5:26  Drone x3  
  70  5:30  Drone x2  
  72  5:36  Pneumatized Carapace  
  72  5:39  Extractor  
  71  5:43  Drone x2  
  71  5:44  Overlord  
  71  5:45  Overlord, Extractor  
  72  5:52  Overlord  
  72  5:58  Roach  
  72  6:00  Overlord x2  
  72  6:01  Overlord  
  71  6:07  Roach x4  
  71  6:08  Roach x3  
  85  6:14  Glial Reconstitution  
  85  6:15  Zerg Missile Weapons Level 2  
  85  6:18  Drone x2  
  87  6:28  Extractor  
  87  6:30  Roach x4  
  94  6:35  Overseer  
  94  6:41  Roach x10  
  94  6:44  Overlord  
  114  6:48  Roach  
  114  6:49  Roach x2  
  114  6:53  Ravager  
  121  6:54  Ravager  
  121  6:59  Overlord x2  
  121  7:11  Roach  
  121  7:12  Roach x3, Evolution Chamber  
  128  7:21  Roach x8  
  144  7:23  Overlord  
  143  7:32  Roach  
  143  7:34  Overlord x2  
  144  7:40  Overlord, Spire  
  144  7:43  Tunneling Claws  
  143  7:46  Burrow  
  143  7:47  Overlord  
  145  7:51  Roach  
  145  7:52  Hatchery  
  145  7:58  Roach x4  
  152  8:06  Roach x4  
  160  8:17  Roach  
  160  8:18  Roach x5  
  172  8:24  Roach  
  172  8:25  Roach x3  
  174  8:34  Roach x4  
  145  8:42  Roach x4  
  130  8:50  Roach x4  
  124  8:57  Mutalisk  
  124  8:58  Mutalisk x2  
  124  8:59  Roach x4  
  128  9:04  Mutalisk  
  130  9:11  Mutalisk  
  130  9:14  Roach x4  
  138  9:18  Roach x2  
  138  9:19  Roach x2  
  138  9:26  Roach x8  
  154  9:35  Roach x2  
  154  9:36  Roach x3  
  164  9:42  Ravager  
  165  9:51  Roach x3  
  163  9:54  Roach x9  
  181  10:02  Roach x4  
  189  10:17  Roach x3  
  189  10:18  Roach  
  189  10:24  Roach x2  
  189  10:25  Overlord x2, Roach  
  185  10:40  Roach x4  
  185  10:41  Roach x9  
  189  10:43  Roach x4  
  189  10:44  Roach x4  
  189  10:48  Roach x6  
Show
View Real Time Build Order
Export as new Build Order

Neuro Zerg 

Build Orders: Hatch First 

Get SALT Encoding   

  12  0:01  Drone  
  13  0:13  Overlord  
  13  0:17  Drone  
  14  0:31  Drone x2  
  16  0:49  Hatchery  
  15  0:52  Drone  
  15  0:55  Drone  
  17  1:00  Drone  
  18  1:10  Extractor  
  17  1:15  Spawning Pool  
  17  1:17  Drone  
  17  1:21  Drone  
  18  1:28  Drone  
  19  1:39  Overlord  
  19  2:02  Queen x2  
  19  2:03  Zergling x4  
  19  2:04  Drone  
  26  2:13  Metabolic Boost  
  26  2:15  Drone x2  
  28  2:24  Drone x2  
  30  2:33  Drone x2  
  32  2:42  Hatchery  
  31  2:46  Drone  
  31  2:49  Overlord  
  32  2:55  Baneling Nest  
  31  3:01  Drone x2  
  33  3:07  Overlord  
  33  3:11  Drone x3  
  36  3:13  Drone  
  36  3:15  Drone  
  38  3:23  Queen  
  40  3:27  Drone x2  
  40  3:28  Drone  
  42  3:37  Overlord  
  42  3:41  Zergling x6, Evolution Chamber  
  44  3:48  Drone x2  
  44  3:50  Roach Warren  
  44  3:52  Drone  
  46  3:56  Zergling x6  
  47  4:03  Zergling x2  
  47  4:04  Baneling  
  47  4:05  Baneling x2  
  47  4:08  Drone x2  
  50  4:12  Zerg Missile Weapons Level 1  
  50  4:13  Queen  
  52  4:28  Overlord  
  52  4:29  Drone x5  
  55  4:36  Baneling x2  
  55  4:37  Drone  
  56  4:39  Drone x3  
  56  4:40  Extractor  
  56  4:41  Extractor  
  56  4:44  Extractor  
  56  4:45  Hatchery  
  56  4:51  Drone  
  56  4:52  Drone x2  
  57  5:07  Drone x3  
  57  5:08  Lair  
  58  5:19  Overlord x4  
  55  5:25  Roach x4  
  63  5:34  Roach x2  
  67  5:38  Queen  
  67  5:42  Roach  
  71  5:48  Roach x4  
  79  5:59  Queen  
  79  6:03  Roach  
  79  6:04  Roach x4  
  89  6:05  Glial Reconstitution  
  89  6:08  Overseer  
  89  6:13  Overlord x3  
  89  6:17  Zerg Missile Weapons Level 2  
  89  6:23  Evolution Chamber  
  88  6:34  Roach x6  
  88  6:35  Drone  
  101  6:45  Roach  
  101  6:46  Roach x3  
  109  6:47  Drone x2  
  111  6:58  Ravager x2  
  111  6:59  Roach x4  
  111  7:01  Drone x2  
  123  7:06  Overlord  
  123  7:07  Overlord  
  123  7:14  Roach  
  123  7:15  Roach x2  
  129  7:19  Zerg Ground Armor Level 1  
  129  7:20  Drone x2  
  129  7:21  Drone  
  130  7:24  Overlord  
  124  7:32  Drone x6  
  127  7:37  Overseer  
  127  7:40  Roach x2  
  134  7:44  Drone x3  
  134  7:51  Roach x2  
  138  7:54  Pneumatized Carapace  
  138  7:59  Burrow  
  138  8:08  Roach x2  
  138  8:09  Roach x4  
  138  8:10  Overlord  
  150  8:14  Ravager  
  135  8:35  Roach x11  
  135  8:40  Roach x2  
  137  8:43  Roach  
  137  8:48  Roach x2  
  120  8:49  Drone x4  
  120  8:55  Roach x3  
  122  9:02  Roach x3  
  128  9:10  Roach x3  
  124  9:21  Roach x4, Extractor, Hatchery  
  124  9:22  Roach x2  
  132  9:31  Ravager  
  133  9:36  Ravager  
  134  9:43  Queen x2  
  135  9:46  Roach x2  
  135  9:47  Roach x3  
  135  9:49  Spine Crawler  
  135  9:50  Spine Crawler  
  141  9:54  Overlord x2, Spine Crawler  
  141  9:59  Spore Crawler  
  139  10:01  Queen  
  138  10:13  Hydralisk Den  
  135  10:19  Queen, Drone x6  
  140  10:24  Extractor, Roach x2  
  139  10:33  Roach  
Tags
 
Add a new tag
Caveats
  • Supply blocks, unpowered buildings, or Contaminate may cause inaccurate times.
  • Supply counts are checked every 10 seconds.